 Dungeon Crawl Stone Soup version 0.30-a0-23-ge60ba3568b (webtiles) character file.

Game seed: 9363852366651946317

58126 purpskrrrp the Tortoise (level 14, -1/113 HPs)
             Began as a Minotaur Abyssal Knight on Aug 26, 2022.
             Was the Champion of Lugonu.
             Slain by an eight-headed hydra simulacrum (37 damage)
             ... on level 5 of the Lair of Beasts.
             The game lasted 01:08:52 (23855 turns).

purpskrrrp the Tortoise (Minotaur Abyssal Knight)  Turns: 23855, Time: 01:08:53

Health: -1/113     AC: 21    Str: 23    XL:     14   Next: 48%
Magic:  11/11      EV: 14    Int:  7    God:    Lugonu [******]
Gold:   1423       SH:  6    Dex: 17    Spells: 13/13 levels left

rFire   . . .      SeeInvis .    l - +6 whip (distort)
rCold   . . .      Faith    .    y - +0 buckler of the Unseen Realm {MP-9 Slay+3 Stlth+}
rNeg    . . .      Spirit   .    E - +4 chain mail
rPois   .          Reflect  .    (helmet restricted)
rElec   .          Harm     .    v - +0 cloak
rCorr   +          Rampage  .    j - +0 pair of gloves
Will    +....                    (no boots)
Stlth   ..........               o - amulet of the acrobat
HPRegen 0.28/turn                s - ring of resist corrosion
MPRegen 0.12/turn                t - +6 ring of dexterity

@: no status effects
A: horns 2, retaliatory headbutt, frail 1, wild magic 1, inability to read after
injury 1
a: Renounce Religion, Depart the Abyss, Bend Space, Banish, Corrupt, Enter the
Abyss


You were on level 5 of the Lair of Beasts.
You worshipped Lugonu.
Lugonu was exalted by your worship.
You visited 2 branches of the dungeon, and saw 18 of its levels.
You visited the Abyss 2 times.
You also visited: Ossuary.

You collected 1423 gold pieces.

Inventory:

Hand Weapons
 a - a +1 falchion
 h - a +5 mace of protection
 l - a +6 whip of distortion (weapon)
 D - a +1 vorpal broad axe
Missiles
 L - a throwing net
Armour
 b - a +0 leather armour
 e - a +0 plate armour
 j - a +0 pair of gloves (worn)
 k - a +3 chain mail
 v - a +0 cloak (worn)
 y - the +0 buckler of the Unseen Realm (worn) {MP-9 Slay+3 Stlth+}
   (You acquired it on level 11 of the Dungeon)

   Slay:      It affects your accuracy & damage with ranged weapons and melee
   (+3).
   MP:        It affects your magic capacity (-9).
   Stlth:     It makes you more stealthy.
 E - a +4 chain mail (worn)
Jewellery
 i - a ring of fire
 o - an amulet of the acrobat (around neck)
 s - a ring of resist corrosion (left hand)
 t - a +6 ring of dexterity (right hand)
 F - a ring of poison resistance
 M - an amulet of magic regeneration
 N - a ring of flight
 S - an amulet of regeneration
Wands
 q - a wand of polymorph (3)
 u - a wand of paralysis (7)
 w - a wand of iceblast (23)
 x - a wand of flame (21)
 C - a wand of mindburst (9) (quivered)
 O - a wand of acid (6)
Scrolls
 n - 11 scrolls of teleportation
 z - 2 scrolls of amnesia
 A - 2 scrolls of summoning
 G - a scroll of fear
 H - a scroll of butterflies
 I - 7 scrolls of identify
 R - 3 scrolls of enchant armour {unknown}
 T - a scroll of magic mapping
Potions
 c - 2 potions of ambrosia
 d - 5 potions of attraction
 f - 8 potions of curing
 g - a potion of magic
 m - 5 potions of brilliance
 p - 4 potions of haste
 r - 2 potions of invisibility
 B - a potion of might
 J - 5 potions of flight
 K - 17 potions of degeneration
 P - 2 potions of heal wounds
 Q - 3 potions of lignification {unknown}
 U - a potion of resistance
 V - a potion of cancellation {unknown}


   Skills:
 + Level 12.1 Fighting
 - Level 2.7 Long Blades
 * Level 15.8 Maces & Flails
 * Level 16.2 Armour
 + Level 10.6 Dodging
 + Level 6.7 Shields
 + Level 10.0 Invocations


You had 13 spell levels left.
You didn't know any spells.
Your spell library contained the following spells:

 Spells                   Type           Power      Damage    Failure   Level
 Blink                    Tloc           0%         N/A       99%         2
 Poisonous Vapours        Pois/Air       0%         N/A       99%         2
 Gell's Gravitas          Tloc           0%         N/A       100%        3
 Lesser Beckoning         Tloc           0%         N/A       100%        3
 Teleport Other           Tloc           0%         N/A       100%        3
 Tukima's Dance           Hex            0%         N/A       100%        3
 Corpse Rot               Necr/Pois/Air  0%         N/A       100%        4
 Fulminant Prism          Conj/Hex       0%         3d6       100%        4
 Iskenderun's Mystic Bla  Conj/Tloc      0%         2d3       100%        4
 Passage of Golubria      Tloc           0%         N/A       100%        4
 Blade Hands              Tmut           0%         N/A       100%        5
 Lee's Rapid Deconstruct  Erth           0%         3d5*      100%        5
 Manifold Assault         Tloc           0%         N/A       100%        5
 Yara's Violent Unravell  Hex/Tmut       0%         3d3       100%        5
 Storm Form               Tmut/Air       0%         N/A       100%        7
 Necromutation            Tmut/Necr      0%         N/A       100%        8


Dungeon Overview and Level Annotations

Branches:
Dungeon (13/15)            Temple (0/1) D:5            Lair (5/5) D:10
  Swamp (0/4) Lair:3        Snake (0/4) Lair:2        Slime (0/5) Lair:5
    Orc (0/2) D:11        Ossuary (visited)
 Vaults: D:13-14

Altars:
Dithmenos
Hepliaklqana
Kikubaaqudgha
Uskayaw
Wu Jian
Yredelemnul
The Shining One
Jiyva

Shops:
D:1 (   D:4 *   D:11 (   D:12 (

Annotations:
D:3 3 runed translucent doors, pigah's ghost, amateur OpAE
Lair:2 corrupted
Lair:5 corrupted, AGayBaby's ghost, journeyman HOFi
Abyss:1 Frances; Sigmund; freelancePsychic's ghost, novice HuWn


Innate Abilities, Weirdness & Mutations

You have a pair of horns on your head.
You reflexively headbutt those who attack you in melee.
You are frail. (-10% HP)
Your spells are a little harder to cast, but a little more powerful.
You occasionally lose the ability to read scrolls when taking damage.


Message History

You hit AGayBaby's ghost but do no damage.
Space warps around AGayBaby's ghost.
Your headbutt misses AGayBaby's ghost.
AGayBaby's ghost is moderately damaged.
AGayBaby's ghost hits you but does no damage.
You hit AGayBaby's ghost.
Space warps horribly around AGayBaby's ghost.
AGayBaby's ghost is moderately damaged.
You whack AGayBaby's ghost!
Space warps horribly around AGayBaby's ghost!
You headbutt AGayBaby's ghost, but do no damage.
AGayBaby's ghost is heavily damaged.
AGayBaby's ghost hits you but does no damage.
You hit AGayBaby's ghost but do no damage.
Space warps around AGayBaby's ghost.
Your headbutt misses AGayBaby's ghost.
AGayBaby's ghost is heavily damaged.
You hit AGayBaby's ghost.
AGayBaby's ghost is heavily damaged.
AGayBaby's ghost blinks!
You whack the spectral cane toad!
You destroy the spectral cane toad!
Lugonu accepts your kill.
You hit the eight-headed hydra simulacrum.
Space warps around the eight-headed hydra simulacrum.
The eight-headed hydra simulacrum is lightly damaged.
You hit the eight-headed hydra simulacrum.
Space warps around the eight-headed hydra simulacrum.
You headbutt the eight-headed hydra simulacrum!!
The eight-headed hydra simulacrum is severely damaged.
The eight-headed hydra simulacrum bites you but does no damage.
You block the eight-headed hydra simulacrum's attack.
The eight-headed hydra simulacrum misses you.
The eight-headed hydra simulacrum closely misses you.
The eight-headed hydra simulacrum bites you.
The eight-headed hydra simulacrum freezes you!
You block the eight-headed hydra simulacrum's attack.
The eight-headed hydra simulacrum bites you!
The eight-headed hydra simulacrum freezes you!!
The eight-headed hydra simulacrum bites you!
The eight-headed hydra simulacrum freezes you!!!
You die...

# #P......# ####### ####....##
####......# ###.#.#.#.####.....#
.##.......# ##...#.....##.##.....
.........####....'...?###........
........####.....'...!.##........
......).###......'...:##.........
#.......#.#..#...#....$#.........
.........##...#Z##.#.#.##..#.....
.........#.....#@###########P....
...............###### ###...
....P~.......~~#...~# #P..
~.~.~.~.~~~..~~...~## #...
~#~~#~~P~#~~##~.##.# #...
##~~~~~~##~~~#~.##.# #...
~~~~~~~.~~~~~~.~~~.## #.#.
~.~~~~~~~~~~~~~~~~..# ###..
##############~~##~## #.#..


You could see an eight-headed hydra simulacrum.

Vanquished Creatures
  Snorg (D:11)
  Erolcha (D:11)
  3 boulder beetles
  7 hydras
  A merfolk avatar (Lair:5)
  A two-headed ogre (D:12)
  A centaur warrior (D:13)
  4 death yaks
  Nergalle (Lair:3)
  Sonja (D:13)
  4 sea snakes (Lair:5)
  Pikel (D:5)
  A harpy (Lair:5)
  A deep elf pyromancer (D:12)
  A lindwurm (Lair:5)
  An oklob plant (Lair:2)
  A cyclops (D:11)
  8 elephants
  3 black mambas
  Joseph (D:8)
  6 cane toads
  8 komodo dragons
  3 rime drakes
  An unseen horror (D:12)
  A freezing wraith (D:9)
  A kobold demonologist (D:12)
  4 trolls
  A wind drake (Lair:5)
  A hornet (D:8)
  5 polar bears
  Prince Ribbit (D:9)
  16 blink frogs
  A spectral black mamba (Lair:5)
  A spectral dream sheep (Lair:5)
  2 wraiths
  28 yaks
  6 wyverns
  A vampire (D:10)
  A shadow (D:10)
  Eustachio (D:5)
  2 basilisks
  2 steam dragons (D:6)
  3 vampire mosquitoes (D:12)
  2 spectral cane toads (Lair:5)
  A death yak simulacrum (Lair:5)
  2 nagas (Lair:2)
  A swamp worm (Lair:3)
  2 acid dragons
  17 water moccasins
  A swamp drake (D:11)
  4 sky beasts
  2 ice beasts
  2 black bears
  5 ogres
  3 orc warriors
  A black mamba simulacrum (Lair:5)
  12 wolves
  7 centaurs
  5 phantoms
  An elf zombie (Ossuary)
  A lemure (D:5)
  A kobold brigand (D:12)
  9 bullfrogs
  2 necrophages
  2 scorpions (D:5)
  12 wights
  13 killer bees
  3 electric eels
  A centaur zombie (Ossuary)
  7 howler monkeys
  2 jellies
  2 hounds
  A gnoll bouda (D:10)
  7 orc priests
  7 iguanas
  Ijyb (D:5)
  13 orc wizards
  3 hound zombies (Ossuary)
  3 mummies (Ossuary)
  4 gnolls
  5 adders
  2 shadow imps
  2 white imps
  An ufetubus (D:5)
  2 adder zombies (Ossuary)
  4 worms
  3 dart slugs
  37 orcs
  8 bats
  7 endoplasms
  4 giant cockroaches
  4 gnoll zombies (Ossuary)
  7 goblins
  10 hobgoblins
  9 jackals
  6 quokkas
  9 ball pythons
  4 frilled lizards
  3 goblin zombies (Ossuary)
  A hobgoblin zombie (Ossuary)
  A jackal zombie (Ossuary)
  17 kobolds
  8 kobold zombies (Ossuary)
  6 orc zombies (Ossuary)
  5 quokka zombies (Ossuary)
  6 rats
  2 rat zombies (Ossuary)
  A spectral hobgoblin (D:1)
  A bush (Lair:5)
476 creatures vanquished.

Vanquished Creatures (collateral kills)
  Grum (D:11)
1 creature vanquished.

Vanquished Creatures (others)
  Josephine (Lair:5)
  A necromancer (Lair:5)
  5 elephants (Lair:2)
  An unseen horror (D:13)
  2 wraiths (Lair:5)
  A naga (Lair:2)
  A human (D:10)
  4 centaurs (Lair:2)
  An iguana (D:6)
  An orc wizard (D:9)
  5 polar bear simulacra (Lair:5)
  A yak simulacrum (Lair:5)
  3 wolf simulacra (Lair:5)
  An orc (D:9)
  2 river rat simulacra (Lair:5)
  24 fungi
  53 plants
  6 starspawn tentacles (Lair:2)
113 creatures vanquished.

Grand Total: 590 creatures vanquished

Notes
Turn   | Place    | Note
-------+----------+-------------------------------------------
     0 | Abyss:1  | purpskrrrp the Minotaur Abyssal Knight began the quest for
                  | the Orb.
     0 | Abyss:1  | Reached XP level 1. HP: 19/19 MP: 1/1
     1 | D:1      | Escaped the Abyss
   182 | D:1      | Reached XP level 2. HP: 25/27 MP: 2/2
   298 | D:1      | Found a faded altar of an unknown god.
   387 | D:1      | Reached *** piety under Lugonu
   388 | D:1      | Reached skill level 3 in Armour
   495 | D:1      | Reached XP level 3. HP: 33/33 MP: 3/3
   646 | D:1      | Found Fosop's Weapon Boutique.
  1367 | D:2      | Reached skill level 1 in Maces & Flails
  1659 | D:2      | Reached XP level 4. HP: 37/40 MP: 4/4
  2295 | D:3      | Reached **** piety under Lugonu
  2296 | D:3      | Reached skill level 4 in Armour
  2344 | D:3      | Found a runed translucent gate.
  2344 | D:3      | Found a runed translucent gate.
  2344 | D:3      | Found a runed translucent gate.
  2445 | D:3      | Reached XP level 5. HP: 41/47 MP: 5/5
  2498 | D:3      | Found a shadowy altar of Dithmenos.
  2853 | D:3      | Noticed pigah's ghost (amateur OpAE)
  2942 | D:3      | Found a glowing golden altar of the Shining One.
  3252 | D:4      | Noticed a phantom
  3265 | D:4      | Killed a phantom
  3324 | D:4      | Noticed an ogre
  3342 | D:4      | Killed an ogre
  3343 | D:4      | Reached XP level 6. HP: 18/55 MP: 7/7
  3612 | D:4      | Reached skill level 5 in Armour
  3696 | D:4      | Got Umischur's Folio of Metamorphosis and Evil Rites
  3714 | D:4      | Found Aggiq's Mayhem Merchandise.
  3720 | D:4      | Reached skill level 5 in Fighting
  3996 | D:4      | Reached XP level 7. HP: 59/61 MP: 8/8
  4068 | D:5      | Entered Level 5 of the Dungeon
  4231 | D:5      | Noticed Ijyb
  4254 | D:5      | Paralysed by Ijyb for 4 turns
  4258 | D:5      | Killed Ijyb
  4259 | D:5      | Reached skill level 6 in Armour
  4319 | D:5      | Found a hide-covered altar of Uskayaw.
  4378 | D:5      | Found a hazy altar of Hepliaklqana.
  4406 | D:5      | Noticed Sigmund
  4407 | D:5      | Banished Sigmund
  4408 | D:5      | Reached skill level 5 in Maces & Flails
  4408 | D:5      | Reached XP level 8. HP: 57/69 MP: 4/9
  4635 | D:5      | Noticed Pikel
  4678 | D:5      | Killed Pikel
  4679 | D:5      | Reached skill level 7 in Armour
  4941 | D:5      | Noticed Eustachio
  5291 | D:5      | Found a staircase to the Ecumenical Temple.
  5408 | D:5      | Killed Eustachio
  5499 | D:6      | Reached XP level 9. HP: 78/78 MP: 11/11
  5502 | D:6      | Reached skill level 8 in Armour
  5732 | D:6      | Reached skill level 5 in Dodging
  5732 | D:6      | Reached skill level 5 in Invocations
  6481 | D:6      | Reached skill level 9 in Armour
  6897 | D:6      | Reached ***** piety under Lugonu
  7449 | D:7      | Reached XP level 10. HP: 86/86 MP: 13/13
  8124 | D:7      | Found an ornate altar of the Wu Jian Council.
  8890 | D:8      | Reached skill level 10 in Armour
  8910 | D:8      | Paralysed by a hornet for 3 turns
  8931 | D:8      | Found a sand-covered staircase.
  8938 | Ossuary  | Entered an ossuary
  9489 | D:8      | Noticed Joseph
  9505 | D:8      | Killed Joseph
  9784 | D:8      | Reached skill level 10 in Maces & Flails
  9908 | D:9      | Gained mutation: Your mind is acute. (Int +4, Str/Dex -1)
                  | [potion of mutation]
  9908 | D:9      | Gained mutation: You are agile. (Dex +4, Str/Int -1)
                  | [potion of mutation]
  9908 | D:9      | Lost mutation: Your mind is acute. (Int +4, Str/Dex -1)
                  | [potion of mutation]
  9908 | D:9      | Gained mutation: Your mind is acute. (Int +4, Str/Dex -1)
                  | [potion of mutation]
 10173 | D:9      | Found a runed translucent gate.
 10174 | D:9      | Found a runed translucent gate.
 10174 | D:9      | Found a runed translucent gate.
 10177 | D:9      | Noticed freelancePsychic's ghost (novice HuWn)
 10196 | D:9      | Reached ****** piety under Lugonu
 10203 | D:9      | Noticed Prince Ribbit
 10222 | D:9      | Killed Prince Ribbit
 10223 | D:9      | Reached skill level 11 in Armour
 11425 | D:8      | Identified a +4 whip of distortion (a +2 whip of flaming
                  | corrupted by Lugonu)
 11425 | D:8      | Received a gift from Lugonu
 11569 | D:9      | Banished freelancePsychic's ghost
 11570 | D:9      | Reached XP level 11. HP: 77/95 MP: 13/15
 11587 | D:10     | Entered Level 10 of the Dungeon
 11646 | D:10     | Noticed a death yak
 11646 | D:10     | Noticed a death yak
 11652 | D:10     | Noticed a death yak
 11652 | D:10     | Noticed a death yak
 11656 | D:10     | Noticed a death yak
 11676 | D:9      | Banished a death yak
 11684 | D:9      | Killed a death yak
 11924 | D:10     | Killed a death yak
 11952 | D:10     | Killed a death yak
 11957 | D:10     | Killed a death yak
 12038 | D:10     | Reached skill level 12 in Armour
 12222 | D:10     | Found a staircase to the Lair.
 12367 | D:10     | Found an ancient bone altar of Kikubaaqudgha.
 12696 | D:10     | Noticed a two-headed ogre
 12703 | D:10     | Banished a two-headed ogre
 13017 | D:11     | Found Urphidyr's Antique Weapon Emporium.
 13042 | D:11     | Noticed Erolcha
 13067 | Abyss:1  | Cast into level 1 of the Abyss (Erolcha)
 13075 | Abyss:1  | Banished Sigmund
 13106 | Abyss:1  | Noticed an angel
 13109 | D:11     | Escaped the Abyss
 13119 | D:11     | Killed Erolcha
 13134 | D:11     | Noticed Grum
 13145 | D:11     | Noticed Snorg
 13148 | D:11     | Killed Grum
 13160 | D:11     | Killed Snorg
 13475 | D:11     | Noticed a seven-headed hydra
 13477 | D:11     | Noticed a boulder beetle
 13483 | D:11     | Killed a seven-headed hydra
 13484 | D:11     | Reached XP level 12. HP: 62/106 MP: 16/16
 13485 | D:11     | Banished a boulder beetle
 13486 | D:11     | Reached skill level 13 in Armour
 13745 | D:11     | Noticed a boulder beetle
 13826 | D:11     | Killed a boulder beetle
 13827 | D:11     | Reached skill level 10 in Fighting
 13848 | D:11     | Found a staircase to the Orcish Mines.
 14315 | D:11     | Lost mutation: Your mind is acute. (Int +4, Str/Dex -1)
                  | [potion of mutation]
 14315 | D:11     | Lost mutation: You are agile. (Dex +4, Str/Int -1) [potion
                  | of mutation]
 14315 | D:11     | Gained mutation: You occasionally lose the ability to read
                  | scrolls when taking damage. [potion of mutation]
 14315 | D:11     | Gained mutation: You are frail. (-10% HP) [potion of
                  | mutation]
 14315 | D:11     | Gained mutation: Your spells are a little harder to cast,
                  | but a little more powerful. [potion of mutation]
 14332 | D:11     | Identified a scroll of acquirement
 14332 | D:11     | Acquired the +0 buckler of the Unseen Realm {MP-9 Slay+3
                  | Stlth+}
 14354 | D:12     | Noticed Frances
 14367 | D:12     | Banished Frances
 14368 | D:12     | Reached skill level 1 in Shields
 14679 | D:12     | Noticed a six-headed hydra
 14681 | D:12     | Found Fal Surr's Antique Weapon Shop.
 14685 | D:12     | Killed a six-headed hydra
 14923 | D:12     | Identified the +1 leather armour of Daisies {+Blink Fly
                  | Dex+2}
 14944 | D:12     | Noticed a two-headed ogre
 14972 | D:12     | Killed a two-headed ogre
 15386 | D:12     | Noticed a boulder beetle
 15401 | D:12     | Killed a boulder beetle
 15732 | D:13     | Noticed Sonja
 15743 | D:13     | Reached skill level 14 in Armour
 15756 | D:13     | Killed Sonja
 15804 | D:13     | Noticed a centaur warrior
 15815 | D:13     | Killed a centaur warrior
 16131 | Lair:1   | Entered Level 1 of the Lair of Beasts
 16505 | Lair:1   | Reached XP level 13. HP: 76/102 MP: 9/18
 17407 | Lair:2   | Corrupted Lair:2
 17419 | Lair:2   | Noticed a tentacled starspawn
 17425 | Lair:2   | Noticed a starcursed mass
 17430 | Lair:2   | Noticed a brown very ugly thing
 17760 | Lair:2   | Found a staircase to the Snake Pit.
 17956 | Lair:2   | Found a basalt altar of Yredelemnul.
 18788 | Lair:3   | Reached skill level 15 in Armour
 18958 | Lair:3   | Noticed Nergalle
 18990 | Lair:3   | Killed Nergalle
 19390 | Lair:3   | Reached skill level 5 in Shields
 19540 | Lair:3   | Found a staircase to the Swamp.
 19799 | Lair:4   | Reached skill level 10 in Dodging
 20644 | Lair:5   | Entered Level 5 of the Lair of Beasts
 20672 | Lair:5   | Reached skill level 15 in Maces & Flails
 20846 | Lair:5   | Reached XP level 14. HP: 105/111 MP: 11/20
 22077 | Lair:5   | Reached skill level 16 in Armour
 22207 | Lair:5   | Found a runed translucent gate.
 22207 | Lair:5   | Found a runed translucent gate.
 22207 | Lair:5   | Found a runed translucent gate.
 22216 | Lair:5   | Noticed AGayBaby's ghost (journeyman HOFi)
 22396 | Lair:5   | Noticed Josephine
 22413 | Lair:5   | Corrupted Lair:5
 22413 | Lair:5   | Noticed a tentacled starspawn
 22413 | Lair:5   | Noticed a starcursed mass
 22413 | Lair:5   | Noticed a cacodemon
 22417 | Lair:5   | Killed Josephine
 22758 | Lair:5   | Noticed a starcursed mass
 22759 | Lair:5   | Noticed a tentacled starspawn
 22834 | Lair:5   | Found a viscous altar of Jiyva.
 22835 | Lair:5   | Found a staircase to the Slime Pits.
 23026 | Lair:5   | Found the +8 trident of the Octopus King {venom, rElec
                  | rPois}
 23827 | Lair:5   | Reached skill level 10 in Invocations
 23855 | Lair:5   | Slain by an eight-headed hydra simulacrum

Illustrated notes

Levels and vault maps discovered:
D:1:      dpeg_arrival_boxorama, layout_basic, serial_shops, shop,
          dreamdust_ecumenical_altar_drowned_temple,
          corexii_item_surrounded_by_moat, minmay_3d_cube
D:2:      layout_loops_cross, minivault_26, minivault_27
D:3:      layout_loops_ring, mainiacjoe_overflow_chevrons,
          mainiacjoe_overflow_alcove_4, gammafunk_ghost_icy,
          kennysheep_nondescript, hangedman_abyss_or_decor_stabs, hex_large
D:4:      layout_rooms, serial_curves, eino_curves_03, eino_curves_02,
          minmay_strange_pillars, chequers_mini_garden, minmay_shop_mayhem,
          minivault_27
D:5:      layout_basic, jmf_multi_god_temple,
          minmay_temple_entry_enclosed_plants, uniq_eustachio, uniq_ijyb,
          uniq_pikel, uniq_sigmund
D:6:      layout_basic
D:7:      layout_cave_pods, nzn_wu_jian_contemplation, minivault_14
D:8:      layout_basic, lightli_ossuary_entry_decrepit_ruins,
          grunt_ministairs_5, uniq_joseph
D:9:      layout_cave_pools, gammafunk_ghost_spectres, minivault_1,
          uniq_prince_ribbit1
D:10:     layout_roguey, tgw_kikubaaqudgha, dpeg_lair_monsters
D:11:     layout_rooms, erik_orc_1, serial_shops, nicolae_shop_trees, uniq_grum,
          uniq_erolcha, uniq_snorg
D:12:     layout_loops_ring, serial_shops, nicolae_lakefront_shop, uniq_frances
D:13:     layout_basic, trog_ov_bears_minmay, uniq_sonja, uniq_urug,
          uniq_maurice
Lair:1:   layout_chaotic_city, grunt_megastairs_2, lemuel_fruit_fields,
          infiniplex_staircase_pool
Lair:2:   layout_hall_layers, minmay_snake_entry_guardpost_small,
          enter_volcano_4, chequers_serial_rivers_micro_d, lemuel_centaur_altar,
          lemuel_fruit_tree, serial_bayou_shore_b
Lair:3:   layout_misc_corridors, palyth_hydra_swamp_entry, uniq_nergalle
Lair:4:   layout_misc_corridors, infiniplex_staircase_pool_2
Lair:5:   gammafunk_lair_ancient_temple, layout_cave_pods, slime_entry_1,
          gammafunk_ghost_necromancy, small_statue_intersection,
          eino_house_with_fridge, uniq_josephine

Skill      XL: |  1  2  3  4  5  6  7  8  9 10 11 12 13 14 |
---------------+-------------------------------------------+-----
Invocations    | 2 3 4 5 6 7 8 9 10 | 10.0
Fighting       | 4 5 6 7 8 9 10 11 12 | 12.1
Armour         | 3 4 5 6 7 9 11 12 14 15 16 | 16.2
Maces & Flails | 1 2 3 5 7 8 10 12 13 15 | 15.8
Dodging        | 2 3 4 5 7 8 9 10 | 10.6
Shields        | 3 5 6 |  6.7
Long Blades    | |  2.7

Action                   |  1- 3 |  4- 6 |  7- 9 | 10-12 | 13-15 || total
-------------------------+-------+-------+-------+-------+-------++-------
Melee: Falchion          |    32 |       |       |       |       ||    32
       Headbutt          |    11 |    23 |    78 |   176 |   159 ||   447
       Punch             |     2 |     2 |     5 |     6 |       ||    15
       Mace              |    59 |   170 |   145 |   315 |       ||   689
       Whip              |       |       |   217 |   399 |   609 ||  1225
Invok: Banish            |       |       |     1 |     2 |     1 ||     4
       Brand Weapon With |       |       |       |     1 |       ||     1
       Depart the Abyss  |       |       |       |     1 |       ||     1
       Corrupt           |       |       |       |       |     2 ||     2
       Bend Space        |       |       |       |       |     1 ||     1
Evoke: Wand              |       |       |       |       |     2 ||     2
  Use: Scroll            |     5 |     6 |     6 |    17 |     6 ||    40
       Potion            |       |       |     3 |     9 |     3 ||    15
Armor: Leather armour    |     3 |       |       |       |       ||     3
       Plate armour      |    60 |    70 |       |       |       ||   130
       Chain mail        |       |    63 |   215 |   388 |   168 ||   834
Dodge: Dodged            |    38 |    79 |   178 |   449 |   293 ||  1037
Block: Buckler           |       |       |       |    37 |   100 ||   137

Table legend: (Time is in decaauts)
 A = Elapsed time spent in this place.
 B = Non-inter-level travel time spent in this place.
 C = Inter-level travel time spent in this place.
 D = Time resting spent in this place.
 E = Time spent auto-exploring this place.
 F = Levels seen in this place.
 G = Mean time per level.
                   A        B        C        D        E       F      G
               +--------+--------+--------+--------+--------+-----+--------+
         Total |  23506 |  22948 |    558 |   5608 |  13502 |  21 | 1119.3 |
       Dungeon |  15556 |  15103 |    453 |   3621 |   8934 |  13 | 1196.6 |
          Lair |   7487 |   7382 |    105 |   1812 |   4415 |   5 | 1497.4 |
         Abyss |     41 |     41 |      0 |      0 |     32 |   2 |   20.5 |
       Ossuary |    420 |    420 |      0 |    174 |    121 |   1 |  420.0 |
               +--------+--------+--------+--------+--------+-----+--------+

Top non-repeatable levels by time:
  Lair:5: 2508 daAuts
     D:9: 1708 daAuts
     D:5: 1590 daAuts
    D:12: 1577 daAuts
  Lair:4: 1576 daAuts
     D:7: 1511 daAuts
  Lair:1: 1499 daAuts
     D:6: 1478 daAuts
    D:11: 1257 daAuts
     D:1: 1175 daAuts
  Lair:3: 1136 daAuts
    D:10: 1133 daAuts
     D:3: 1116 daAuts
     D:2: 1021 daAuts
     D:8: 1005 daAuts
